 Dungeon Crawl Stone Soup version 0.17-a0-1753-g75d4604 (webtiles) character file.

3349 kosy22 the Blocker (level 9, -13/79 HPs)
             Began as a Minotaur Berserker on Sept 2, 2015.
             Was an Elder of Trog.
             Killed by divine providence
             ... invoked by an orc priest
              (16 damage)
             ... on level 9 of the Dungeon.
             The game lasted 00:37:42 (9403 turns).

kosy22 the Blocker (Minotaur Berserker)             Turns: 9403, Time: 00:37:42

Health: -13/79     AC: 10    Str: 32    XL:     9   Next: 72%
Magic:  26/26      EV: 15    Int:  5    God:    Trog [****..]
Gold:   445        SH: 20    Dex: 16    Spells: 0 memorised, 8 levels left

rFire  . . .     SeeInvis .     H - +2 spear (venom)
rCold  . . .     Clarity  .     k - +0 chain mail
rNeg   . . .     SustAt   .     u - +0 large shield
rPois  .         Gourm    .     j - +0 hat
rElec  .         Spirit   .     (no cloak)
rCorr  .         Warding  .     (no gloves)
rMut   .         Stasis   .     (no boots)
MR     .....                    s - amulet of regeneration
Stlth  ..........               B - ring of magical power
                                h - ring of magical power

@: mighty, agile, not resistant to hostile enchantments, extremely unstealthy
A: retaliatory headbutt, horns 2, agile 1, blurry vision 1, strong 1
a: Burn Spellbooks, Berserk, Trog's Hand, Brothers in Arms, Renounce Religion


You were on level 9 of the Dungeon.
You worshipped Trog.
Trog was greatly pleased with you.
You were not hungry.

You visited 1 branch of the dungeon, and saw 9 of its levels.

You collected 445 gold pieces.

Inventory:

Hand weapons
 a - a +0 mace
 d - a +2 dagger of draining
 l - a +0 long sword
 r - a +0 whip of electrocution
 y - a +2 mace of holy wrath
 D - a +0 dire flail
 E - a +2 quarterstaff of protection
 H - a +2 spear of venom (weapon)
 I - the +4 dagger "Morg" {pain, MR+ Int+5}
   (You took it off an orc wizard on level 6 of the Dungeon)

   In the hands of one skilled in necromantic magic, it inflicts extra damage on
   living creatures.
   It affects your intelligence (+5).
   It affects your resistance to hostile enchantments.
 L - the cursed +1 flail of Irritation {crush, +Fly rElec Dex+4 SInv, unknown}
   (You found it on level 7 of the Dungeon)

   It inflicts extra damage upon your enemies.
   It affects your dexterity (+4).
   It insulates you from electricity.
   It lets you see invisible.
   It lets you fly.
   It has a curse placed upon it.
 O - a +0 morningstar
Missiles
 e - 178 stones (quivered)
 A - 4 tomahawks of dispersal
Armour
 b - a +0 animal skin
 j - a +0 hat (worn)
 k - a +0 chain mail (worn)
 n - a +0 scale mail
 u - a +0 large shield (worn)
Magical staves
 x - an uncursed staff of conjuration
Jewellery
 h - a ring of magical power (left hand)
 q - an uncursed amulet of guardian spirit
 s - an amulet of regeneration (around neck)
 B - a ring of magical power (right hand)
 F - an uncursed amulet of the gourmand
Magical devices
 i - a wand of enslavement (4)
 v - a wand of frost (32)
 C - a wand of invisibility (4)
 K - a wand of slowing (34)
 N - a wand of lightning (6)
Scrolls
 t - 4 scrolls of remove curse
 G - a scroll of teleportation
 J - a scroll of magic mapping {unknown}
Potions
 f - 2 potions of agility
 p - 5 potions of curing
 w - 2 potions of mutation
 M - 2 potions of poison {unknown}
 P - a potion of brilliance {unknown}
Comestibles
 c - 5 bread rations
 o - 9 slices of pizza
 z - a meat ration


   Skills:
 + Level 7.2 Fighting
 + Level 1.8 Short Blades
 + Level 6.5 Maces & Flails
 + Level 2.1 Throwing
 - Level 5.7 Armour
 + Level 6.3 Dodging
 + Level 1.5 Stealth
 + Level 10.5 Shields


You had 8 spell levels left.
You didn't know any spells.

Dungeon Overview and Level Annotations

Branches:
Dungeon (9/15)             Temple (0/1) D:7
   Lair: D:8-11         Orc: D:9-12

Altars:

Shops:
D:8 *


Innate Abilities, Weirdness & Mutations

You reflexively headbutt those who attack you in melee.
You have a pair of horns on your head.
You are agile. (Dex +2)
Scrolls take you a little longer to read.
Your muscles are strong. (Str +2)


Message History

Something smites you!
* * * LOW HITPOINT WARNING * * *
Drink which item? (? for menu, Esc to quit)
You feel agile all of a sudden. The centaur barely misses you.
You block the centaur's attack. You block the orc priest's attack.
The centaur shoots an arrow.
The arrow hits you but does no damage.
Found 17 stones.
The centaur shoots an arrow.
The arrow completely misses you.
The centaur shoots an arrow.
The arrow hits you!
* * * LOW HITPOINT WARNING * * *
You see here an arrow.
The centaur shoots an arrow.
You block the arrow.
You see here an arrow.
You see here 17 stones.
The centaur shoots an arrow.
The arrow misses you.
The centaur shoots an arrow.
You block the arrow.
The orc priest invokes the aid of Beogh against you.
Something smites you!
You die...

............#
#######....(#
#...#.#
#...#.# #.c.#
# #(.(# #o..#
#(..# #@..#
#(....#
#.....#
#.....#
+..#..#
#..#..#
......# .###
.#


You could see a centaur and an orc priest.

Vanquished Creatures
  Prince Ribbit (D:5)
  Grum (D:8)
  2 wolves (D:8)
  The ghost of poirepourri the Vandal, an average HaHu (D:3)
  4 sky beasts
  An ice beast (D:8)
  2 ogres
  A phantom (D:8)
  4 orc warriors
  A gnoll sergeant (D:8)
  2 giant frogs (D:8)
  6 scorpions
  3 crimson imps
  4 hounds
  3 jellies
  5 orc priests
  6 orc wizards
  An iguana (D:8)
  3 worker ants
  A hound zombie (D:7)
  A hound skeleton (D:5)
  3 worker ant zombies
  7 adders
  8 gnolls
  An ooze (D:3)
  2 adder zombies
  3 worms
  8 giant geckos
  30 orcs
  4 giant cockroaches
  8 hobgoblins
  6 jackals
  6 kobolds
  3 quokkas
  2 ball pythons
  18 bats
  A giant gecko skeleton (D:7)
  A giant gecko zombie (D:8)
  4 giant newts
  9 goblins
  A jackal skeleton (D:5)
  2 rats (D:1)
  3 fungi (D:8)
183 creatures vanquished.

Vanquished Creatures (others)
  3 fungi (D:8)
3 creatures vanquished.

Grand Total: 186 creatures vanquished

Notes
Turn   | Place    | Note
--------------------------------------------------------------
     0 | D:1      | kosy22 the Minotaur Berserker began the quest for the Orb.
     0 | D:1      | Reached XP level 1. HP: 19/19 MP: 0/0
   311 | D:1      | Reached XP level 2. HP: 25/27 MP: 1/1
   383 | D:1      | Reached skill level 4 in Maces & Flails
   614 | D:1      | You fall through a shaft!
  1069 | D:2      | Reached XP level 3. HP: 28/33 MP: 2/2
  1169 | D:2      | Acquired Trog's second power
  1986 | D:3      | Noticed poirepourri's ghost (average HaHu)
  2005 | D:3      | Reached XP level 4. HP: 23/40 MP: 3/3
  2021 | D:3      | HP: 2/40 [poirepourri's ghost (5)]
  2022 | D:3      | Killed poirepourri's ghost
  2022 | D:3      | Reached skill level 1 in Stealth
  2022 | D:3      | Reached XP level 5. HP: 2/47 MP: 4/4
  3005 | D:3      | Reached skill level 1 in Throwing
  3017 | D:3      | Reached skill level 5 in Fighting
  3222 | D:3      | Reached skill level 1 in Short Blades
  3617 | D:4      | Reached XP level 6. HP: 56/56 MP: 5/5
  3810 | D:4      | Reached skill level 1 in Shields
  4547 | D:5      | Entered Level 5 of the Dungeon
  5330 | D:5      | Noticed Prince Ribbit
  5340 | D:5      | Killed Prince Ribbit
  5340 | D:5      | Reached XP level 7. HP: 52/61 MP: 6/6
  5493 | D:5      | Reached skill level 5 in Shields
  5616 | D:5      | Reached skill level 5 in Armour
  5744 | D:5      | Reached XP level 8. HP: 58/69 MP: 7/7
  5938 | D:5      | Reached skill level 5 in Dodging
  6276 | D:6      | Reached skill level 5 in Maces & Flails
  6416 | D:6      | Reached skill level 6 in Shields
  6867 | D:6      | Reached skill level 7 in Shields
  6884 | D:6      | Acquired Trog's third power
  7274 | D:7      | Found a staircase to the Ecumenical Temple.
  7721 | D:7      | Got a scorched flail
  7937 | D:8      | Found Astre's Elemental Accessories.
  7968 | D:8      | Received a gift from Trog
  7968 | D:8      | Reached skill level 8 in Shields
  8042 | D:8      | Reached XP level 9. HP: 78/78 MP: 8/8
  8224 | D:8      | Gained mutation: You are agile. (Dex +2) [potion of mutation]
  8224 | D:8      | Gained mutation: Your muscles are strong. (Str +2) [potion of mutation]
  8224 | D:8      | Gained mutation: Scrolls take you a little longer to read. [potion of mutation]
  8485 | D:8      | Noticed Grum
  8497 | D:8      | Killed Grum
  8501 | D:8      | Reached skill level 9 in Shields
  8820 | D:8      | Reached skill level 10 in Shields
  9400 | D:9      | HP: 1/79 [centaur/arrow (12)]
  9403 | D:9      | Killed from afar by an orc priest

Vault maps used:
D:1:      lightli_arrival_flooded_house
D:2:      roderic_serpentine_path
D:3:      first_bread
D:5:      lemuel_upstairs_altar, serial_glass, glass_columns_b, glass_columns_b,
          glass_columns_a, glass_columns_a, uniq_prince_ribbit1
D:6:      lightli_minifort
D:7:      temple_fountains, nicolae_underground_beach
D:8:      old_forge, grunt_pizzeria, nicolae_elemental_shop, uniq_grum
D:9:      old_standard_altar, david_orc_1_choice, fungi_pond_lemuel,
          kennysheep_generic_room_6, uniq_maurice, uniq_erica

Action                   |  1- 3 |  4- 6 |  7- 9 || total
-------------------------+-------+-------+-------++-------
Melee: Mace              |    16 |       |       ||    16
       Dagger            |    71 |   146 |       ||   217
       Whip              |       |     8 |   342 ||   350
       Spear             |       |       |    58 ||    58
Throw: Stone             |    28 |     9 |    14 ||    51
  Use: Scroll            |     3 |    10 |     5 ||    18
       Potion            |     2 |     2 |     5 ||     9
  Eat: Bread ration      |     1 |     2 |       ||     3
       Beef jerky        |       |       |     3 ||     3
       Chunk             |       |       |     9 ||     9
       Meat ration       |       |       |     2 ||     2
       Fruit             |       |       |     1 ||     1
